 Dungeon Crawl Stone Soup version 0.25.1-2-g60ff931df9 (webtiles) character file.

Game seed: 6296113836482767504

103 HawFromDerth the Chopper (level 4, -10/61 HPs)
             Began as a Hill Orc Berserker on Sept 21, 2020.
             Was a Believer of Trog.
             Mangled by a wyvern (19 damage)
             ... on level 5 of the Dungeon.
             The game lasted 00:05:28 (2778 turns).

HawFromDerth the Chopper (Hill Orc Berserker)       Turns: 2778, Time: 00:05:28

Health: -10/61     AC:  2    Str: 20    XL:     4   Next: 79%
Magic:  4/4        EV: 12    Int:  7    God:    Trog [**....]
Gold:   108        SH:  0    Dex: 10    Spells: 3/3 levels left

rFire    . . .     SeeInvis .   a - +0 hand axe
rCold    . . .     Gourm    .   (no shield)
rNeg     . . .     Faith    .   b - +0 animal skin
rPois    .         Spirit   .   (no helmet)
rElec    .         Reflect  .   (no cloak)
rCorr    .         Harm     .   (no gloves)
MR       .....                  (no boots)
Stlth    ..........             (no amulet)
HPRegen  0.20/turn              (no ring)
MPRegen  0.09/turn              (no ring)

@: berserking, very quick
A: no striking features
a: Berserk, Trog's Hand, Renounce Religion


You were on level 5 of the Dungeon.
You worshipped Trog.
Trog was pleased with you.
You were hungry.

You visited 1 branch of the dungeon, and saw 4 of its levels.

You collected 108 gold pieces.

Inventory:

Hand Weapons
 a - a +0 hand axe (weapon)
Armour
 b - a +0 animal skin (worn)
Jewellery
 h - an uncursed ring of stealth
 j - a cursed ring of teleportation
Scrolls
 d - 2 scrolls of remove curse
 i - 3 scrolls of teleportation
 k - 2 scrolls of immolation {unknown}
Potions
 e - 4 potions of curing {unknown}
 g - 2 potions of might {unknown}
Comestibles
 c - 6 rations
 f - 6 chunks of flesh


   Skills:
 + Level 4.4 Fighting
 + Level 5.1 Axes
 + Level 2.5 Armour
 + Level 2.5 Dodging
 + Level 0.9 Stealth


You had 3 spell levels left.
You didn't know any spells.
Your spell library was empty.

Dungeon Overview and Level Annotations

Branches:
Dungeon (5/15)
 Temple: D:4-7

Altars:
Ashenzari


Message History

The bullfrog zombie hits you. The wyvern bites you.
* * * LOW HITPOINT WARNING * * *
You barely miss the wyvern.
The wyvern is moderately wounded.
You hit the bullfrog zombie. The wyvern bites you.
* * * LOW HITPOINT WARNING * * *
The bullfrog zombie misses you.
A red film seems to cover your vision as you go berserk!
You feel yourself moving faster!
You feel mighty!
You are feeling hungry.
The wyvern barely misses you. The bullfrog zombie hits you.
* * * LOW HITPOINT WARNING * * *
The wyvern closely misses you.
The bullfrog zombie hits you but does no damage.
You barely miss the wyvern.
The wyvern is moderately wounded.
You slash the bullfrog zombie!
The wyvern hisses menacingly.
The wyvern bites you!!
You die...

## ####. ..#.#
#.#.## #.....
#...# #..l#
#..@# #[.Z#
#...# #...#
#...# ......<
..(.....Z..
.[.............
.#####...######


You could see a wyvern and a bullfrog zombie.

Vanquished Creatures
  3 adders
  2 dart slugs
  5 leopard geckos
  An orc (D:3)
  2 ball pythons
  7 bats
  5 giant cockroaches
  6 goblins
  8 hobgoblins
  3 jackals (D:3)
  10 kobolds
  2 quokkas (D:2)
  4 frilled lizards (D:1)
  6 rats
64 creatures vanquished.

Notes
Turn   | Place    | Note
-------+----------+-------------------------------------------
     0 | D:1      | HawFromDerth the Hill Orc Berserker began the quest for the
                  | Orb.
     0 | D:1      | Reached XP level 1. HP: 19/19 MP: 1/1
   183 | D:1      | Reached XP level 2. HP: 14/27 MP: 2/2
   575 | D:1      | Reached XP level 3. HP: 30/33 MP: 3/3
   779 | D:1      | Reached ** piety under Trog
   798 | D:1      | Found a shattered altar of Ashenzari.
  1648 | D:2      | Reached XP level 4. HP: 34/41 MP: 4/4
  1890 | D:2      | Reached skill level 5 in Axes
  2768 | D:3      | You fall into a shaft and drop 2 floors!
  2768 | D:5      | Entered Level 5 of the Dungeon
  2769 | D:5      | Noticed a wyvern
  2778 | D:5      | Mangled by a wyvern

Illustrated notes

Levels and vault maps discovered:
D:1:      ncdulo_lavacross, layout_rooms, interstate_on_off,
          evilmike_ruin_ashenzari
D:2:      layout_rooms, minmay_pentomino_t2
D:3:      layout_loops_ring, first_ration, nicolae_qazlal_general_emergency
D:5:      layout_loops_cross, kennysheep_vampire_church, minitemple,
          elyvilon_altar_5, ebering_ghost_rock_garden, fedhas_altar_4,
          uniq_edmund

Skill      XL: |  1  2  3  4 |
---------------+-------------+-----
Fighting       | 4 |  4.4
Dodging        | 2 |  2.5
Axes           | 5 |  5.1
Armour         | |  2.5
Stealth        | |  0.9

Action                   |  1- 3 |  4- 6 || total
-------------------------+-------+-------++-------
Melee: Hand axe          |   118 |    77 ||   195
Invok: Berserk           |       |     1 ||     1
  Use: Scroll            |       |     6 ||     6
 Stab: Distracted        |       |     1 ||     1
       Sleeping          |       |     1 ||     1
  Eat: Chunk             |     2 |     4 ||     6
Armor: Animal skin       |    48 |    14 ||    62
Dodge: Dodged            |   119 |    54 ||   173
